 Dungeon Crawl Stone Soup version 0.23.1 (webtiles) character file.

Game seed: 0

105 misha the Poker (level 4, -2/57 HPs)
             Began as a Merfolk Berserker on Mar 3, 2019.
             Was a Believer of Trog.
             Killed by divine providence
             ... invoked by an orc priest
              (13 damage)
             ... on level 3 of the Dungeon.
             The game lasted 00:06:45 (2801 turns).

misha the Poker (Merfolk Berserker)                 Turns: 2801, Time: 00:06:45

Health: -2/57      AC: 22    Str: 18    XL:     4   Next: 83%
Magic:  4/4        EV:  2    Int: 11    God:    Trog [**....]
Gold:   96         SH:  3    Dex: 13    Spells: 3/3 levels left

rFire    . . .     SeeInvis .   a - +0 spear
rCold    . . .     Gourm    .   u - +0 buckler
rNeg     + + +     Faith    .   (armour currently unavailable)
rPois    +         Spirit   .   (helmet currently unavailable)
rElec    .         Reflect  .   (cloak currently unavailable)
rCorr    .         Harm     .   (gloves currently unavailable)
MR       .....     NoTele   +   (boots currently unavailable)
Stlth    +.........             (no amulet)
HPRegen  0.19/turn              (no ring)
MPRegen  0.09/turn              (no ring)

@: brilliant, tree-form, berserk cooldown, slowed, very slow
A: (change form in water), (swift swim), (stealthy swim)
a: Berserk, Trog's Hand, Renounce Religion


You were on level 3 of the Dungeon.
You worshipped Trog.
Trog was pleased with you.
You were not hungry.
You were a tree.
You visited 1 branch of the dungeon, and saw 3 of its levels.

You collected 96 gold pieces.

Inventory:

Hand Weapons
 a - a +0 spear (weapon)
Missiles
 e - 32 stones (quivered)
 f - 3 tomahawks
 t - 13 sling bullets
Armour
 s - a +0 plate armour (melded)
 u - a +0 buckler (worn)
Jewellery
 b - an uncursed amulet of the acrobat {unknown}
Scrolls
 d - a scroll of blinking {unknown}
 g - a scroll of remove curse {unknown}
 j - 2 scrolls of teleportation {unknown}
 k - a scroll of fog {unknown}
 l - a scroll of identify {unknown}
 n - 4 scrolls of magic mapping {unknown}
 p - 4 scrolls of immolation {unknown}
 r - 4 scrolls of noise {unknown}
Potions
 h - 3 potions of curing
 i - a potion of brilliance
 o - a potion of resistance {unknown}
 q - a potion of degeneration {unknown}
Comestibles
 c - 3 rations


   Skills:
 + Level 4.5 Fighting
 * Level 6.3 Polearms
 - Level 1.4 Armour
 - Level 2.8 Dodging
 + Level 0.5 Shields


You had 3 spell levels left.
You didn't know any spells.
Your spell library was empty.

Dungeon Overview and Level Annotations

Branches:
Dungeon (3/15)

Altars:
Xom

Portals:
Sewer: D:3


Message History

You feel clever all of a sudden. Something hits you but does no damage.
The orc priest looks satisfied for a moment.
It was a potion of lignification.
You turn into a tree.
Your +0 plate armour melds into your body.
Your roots penetrate the ground.
Something hits you but does no damage.
The orc priest hits you but does no damage.
You block something's attack.
The orc priest miscasts a cantrip.
Okay, then.
You barely miss the orc priest. Something hits you but does no damage.
You block the orc priest's attack.
You closely miss the orc priest. Something hits you but does no damage.
The orc priest barely misses you.
You barely miss the orc priest. Something hits you but does no damage.
The orc priest hits you but does no damage.
You closely miss the orc priest. Something hits you but does no damage.
The orc priest calls down the wrath of Beogh upon you.
Beogh smites you!
You die...

..##. ....... #....#.# ....
....... ...... ... .......
#.#... ... ....... #.##..
###.# ..... . ###<.#.# ...#
.(.#..≈ #....#.#
#.####)..≈≈≈≈ #.##.#.####
#o..[(.#≈≈≈≈
#?.#...<...#####♣.((...≈≈≈≈≈
.. #...........{.(.....≈≈≈∩≈
## #.......###.÷.....%≈≈≈≈≈≈
#........÷÷.....$..#≈≈≈≈≈
#.......#####........≈≈≈≈
######### ###.#....#..≈
#....#..... ####..... ###


You could see an orc priest.

Vanquished Creatures
  Jessica (D:2)
  An adder (D:3)
  2 dart slugs (D:1)
  3 worms
  A leopard gecko (D:2)
  3 orcs (D:3)
  2 ball pythons
  4 giant cockroaches
  3 goblins (D:1)
  2 hobgoblins (D:2)
  8 jackals
  9 bats
  3 frilled lizards
  4 kobolds
  6 rats
52 creatures vanquished.

Notes
Turn   | Place    | Note
-------+----------+-------------------------------------------
     0 | D:1      | misha the Merfolk Berserker began the quest for the Orb.
     0 | D:1      | Reached XP level 1. HP: 18/18 MP: 1/1
    41 | D:1      | Reached XP level 2. HP: 16/24 MP: 2/2
   328 | D:1      | Reached skill level 5 in Polearms
   699 | D:1      | Reached XP level 3. HP: 30/30 MP: 3/3
  1236 | D:2      | Noticed Jessica
  1241 | D:2      | Killed Jessica
  1277 | D:2      | Reached XP level 4. HP: 30/37 MP: 4/4
  1445 | D:2      | Reached ** piety under Trog
  1551 | D:2      | Reached skill level 6 in Polearms
  1885 | D:2      | Found a shimmering altar of Xom.
  2743 | D:3      | Found a glowing drain.
  2794 | D:3      | HP: 1/38 [orc priest/divine providence (12)]
  2801 | D:3      | Killed from afar by an orc priest

Skill      XL: |  1  2  3  4 |
---------------+-------------+-----
Polearms       | 5 6 |  6.3
Fighting       | 4 |  4.5
Armour         | |  1.4
Dodging        | |  2.8
Shields        | |  0.5

Action                   |  1- 3 |  4- 6 || total
-------------------------+-------+-------++-------
Melee: Spear             |    90 |   153 ||   243
Invok: Berserk           |     1 |     1 ||     2
  Use: Potion            |       |     3 ||     3
 Stab: Sleeping          |     2 |     1 ||     3
  Eat: Chunk             |     2 |     1 ||     3
       Ration            |       |     2 ||     2
Armor: Animal skin       |    10 |    13 ||    23
       Plate armour      |       |    53 ||    53
       Skin              |       |     5 ||     5
Dodge: Dodged            |    41 |    37 ||    78
Block: Buckler           |       |    12 ||    12
